 Dungeon Crawl Stone Soup version 0.21.0-24-g2553a33 (webtiles) character file.

271 tidbits the Skirmisher (level 6, 23/53 HPs)
             Began as a Gnoll Wanderer on Jan 19, 2018.
             Quit the game in a sewer.
             The game lasted 00:08:49 (873 turns).

tidbits the Skirmisher (Gnoll Wanderer)              Turns: 873, Time: 00:08:50

Health: 23/53      AC:  7    Str: 18    XL:     6   Next: 23%
Magic:  12/12      EV:  7    Int: 21    God:
Gold:   67         SH:  0    Dex: 16    Spells: 14/15 levels left

rFire    + . .     SeeInvis .   b - +2 blowgun
rCold    . . .     Gourm    .   (no shield)
rNeg     . . .     Faith    .   B - +1 scale mail {rF+}
rPois    .         Spirit   .   (no helmet)
rElec    .         Reflect  .   (no cloak)
rCorr    .         Harm     .   (no gloves)
MR       .....                  (no boots)
Stlth    ++........             (no amulet)
HPRegen  0.17/turn              (no ring)
MPRegen  0.13/turn              (no ring)

@: mighty, brilliant, mildly poisoned (23 -> 21), constricted
A: distributed training, fangs 1, blink, low mp 1, strong nose
a: Blink


You were in a sewer.
You were not hungry.

You visited 1 branch of the dungeon, and saw 4 of its levels.
You also visited: Sewer.

You collected 67 gold pieces.

Inventory:

Hand Weapons
 a - a +0 dagger
 b - a +2 blowgun (weapon)
 n - a +0 war axe
Missiles
 h - 2 poisoned needles (quivered)
Armour
 e - a +0 robe
 B - a +1 scale mail of fire resistance (worn)
   (You found it on level 4 of the Dungeon)
Scrolls
 j - a scroll of blinking {unknown}
 l - a scroll of enchant weapon {unknown}
 o - 2 scrolls of fog {unknown}
 p - a scroll of teleportation {unknown}
Potions
 d - 2 potions of curing
 i - a potion of brilliance
 m - a potion of magic
Books
 c - the Reference Book on Illusion

   Spells                             Type                      Level
   a - Summon Small Mammal            Summoning                    1
   b - Summon Guardian Golem          Hexes/Summoning              3
Comestibles
 g - 2 rations


   Skills:
 + Level 6.8 Fighting
 + Level 1.8 Short Blades
 + Level 1.8 Long Blades
 + Level 1.8 Axes
 + Level 1.8 Maces & Flails
 + Level 1.8 Polearms
 + Level 1.8 Staves
 + Level 1.8 Slings
 + Level 1.8 Bows
 + Level 1.8 Crossbows
 + Level 3.1 Throwing
 + Level 1.8 Armour
 + Level 1.8 Dodging
 + Level 4.5 Stealth
 + Level 1.8 Shields
 + Level 3.1 Unarmed Combat
 + Level 5.3 Spellcasting
 + Level 1.4 Conjurations
 + Level 2.5 Hexes
 + Level 1.4 Charms
 + Level 1.4 Summonings
 + Level 1.4 Necromancy
 + Level 1.4 Translocations
 + Level 1.4 Transmutations
 + Level 1.4 Fire Magic
 + Level 1.4 Ice Magic
 + Level 1.4 Air Magic
 + Level 1.4 Earth Magic
 + Level 1.4 Poison Magic
 + Level 2.0 Invocations
 + Level 1.8 Evocations


You had 14 spell levels left.
You knew the following spells:

 Your Spells              Type           Power        Failure   Level  Hunger
a - Summon Small Mammal   Summ           ###.         2%          1    None


Dungeon Overview and Level Annotations

Branches:
Dungeon (4/15)
 Temple: D:4-7

Altars:
Gozag

Annotations:
D:2 Terence


Innate Abilities, Weirdness & Mutations

Your experience applies equally to all skills.
You have very sharp teeth.
Your uncanny sense of smell can sniff out nearby items.
You can translocate small distances at will.
Your magical capacity is low. (-10% MP)


Message History

You see here a scroll labeled CUCLYRUOBU.
o - 2 scrolls labeled CUCLYRUOBU (gained 1)
You see here a scroll labeled WETOEL ESAATEEDO.
p - a scroll labeled WETOEL ESAATEEDO
There is an open door here.
You see here a poisoned needle.
h - 6 poisoned needles (gained 1)
You enter the shallow water.
Moving in this stuff is going to be slow.
Wield which item (- for none, * to show all)? (? for menu, Esc to quit)
b - a +2 blowgun (weapon)
Why would you want to do that?
You enter the shallow water.
Moving in this stuff is going to be slow.
A ball python and 2 adders come into view.
The adder hisses angrily. x2; You hear a croak. 3 ball pythons come into view.
The ball python moves out of view.
Firing (i - inventory):
h - 6 poisoned needles (quivered)
Press: ? - help, Shift-Dir - straight line, f - adder
Aim: an adder You shoot a poisoned needle.
The poisoned needle barely misses the adder. x2
You hear a splash.
The adder bites you.
You are poisoned.
The adder poisons you!
A bullfrog comes into view.
Evoke which item? (* to show all) (? for menu, Esc to quit)
Aiming: Corrosive Bolt
Press: ? - help, Shift-Dir - straight line, f - ball python, p - adder
Aim: a ball python
Okay, then.
Wield which item (- for none, * to show all)? (? for menu, Esc to quit)
Okay, then.
Firing (i - inventory):
h - 5 poisoned needles (quivered)
Press: ? - help, Shift-Dir - straight line, f/p - adder
Aim: an adder You shoot a poisoned needle.
The poisoned needle closely misses the adder.
You hear a splash.
You feel sick. The adder barely misses you.
The adder bites you but does no damage.
Firing (i - inventory):
h - 4 poisoned needles (quivered)
Press: ? - help, Shift-Dir - straight line, f - adder, p - adder
Aim: an adder You shoot a poisoned needle.
The poisoned needle hits the adder.
You hear a splash.
The adder barely misses you.
The ball python bites you but does no damage.
The ball python barely misses you. The adder misses you.
A ball python comes into view.
Evoke which item? (* to show all) (? for menu, Esc to quit)
Aiming: Corrosive Bolt
Press: ? - help, Shift-Dir - straight line, f - bullfrog, p - adder
Aim: a bullfrog The bolt of acid hits the adder.
The adder is splashed with acid.
The acid corrodes the adder!
You kill the adder!
The bolt of acid hits the ball python.
The ball python is splashed with acid.
You kill the ball python!
The ball python hisses angrily.
The now-empty wand crumbles to dust.
You feel sick.
You hear an angry hiss.
The adder bites you but does no damage. The ball python barely misses you.
The ball python grabs you. The ball python constricts you. The adder bites you.
Unknown command.
Wield which item (- for none, * to show all)? (? for menu, Esc to quit)
You are already wielding that!
Quiver which item? (- for none, * to show all) (? for menu, Esc to quit)
Okay, then.
Firing (i - inventory):
h - 3 poisoned needles (quivered)
Press: ? - help, Shift-Dir - straight line, f/p - bullfrog
Aim: a bullfrog You shoot a poisoned needle.
The poisoned needle hits the bullfrog.
You hear a splash.
The bullfrog hits you. The ball python barely misses you.
The ball python constricts you. The adder bites you but does no damage.
The bullfrog completely misses you.
It was a potion of brilliance.
You feel clever all of a sudden.
The ball python bites you but does no damage.
The ball python constricts you. The adder bites you but does no damage.
The bullfrog hits you but does no damage.
The ball python loses its grip on you.
It was a potion of magic.
Magic courses through your body.
You feel sick.
The bullfrog hits you but does no damage.
The adder closely misses you. The ball python closely misses you. x2
The ball python bites you but does no damage.
The ball python misses you. The bullfrog hits you.
* * * LOW HITPOINT WARNING * * *
A frilled lizard comes into view.
It was a potion of might.
You feel very mighty all of a sudden. The adder bites you but does no damage.
The ball python completely misses you. The ball python grabs you.
The ball python constricts you.
The ball python bites you but does no damage.
The bullfrog hits you.
* * * LOW HITPOINT WARNING * * *
Are you sure you want to abandon this character and quit the game? (Confirm with "yes".)

≈≈†≈≈#
#####≈≈≈≈≈≈#
≈†≈(≈#
#≈≈≈≈≈≈#
≈≈†≈≈#
#≈≈≈≈≈≈#
≈≈≈†≈#
#≈≈≈≈≈≈#
≈≈≈≈≈#
#≈≈≈≈≈≈#
≈≈†≈≈#
#≈≈≈≈#≈#
≈.)≈≈#
#≈≈≈#≈≈#
≈≈≈≈≈#
#≈≈≈≈.≈#
≈≈≈≈≈#
#≈≈≈S@S#
≈≈≈≈≈#
#≈≈≈SF(#
≈≈≈≈≈#
#≈≈≈≈S≈#
≈≈≈≈≈#
#≈≈≈≈(≈#
≈≈≈≈≈#
#≈≈≈≈≈≈#
≈≈≈≈≈#
#≈≈≈≈≈≈#
≈≈≈≈≈#
#≈≈#≈≈l#
≈≈≈≈##
##≈≈≈≈.#
.....#
......#


You could see a bullfrog, an adder, 3 ball pythons and a frilled lizard
(wandering).

Vanquished Creatures
  Menkaure (D:4)
  An iguana (D:4)
  7 river rats
  An adder (Sewer)
  A worm (D:2)
  A dart slug (D:1)
  A leopard gecko (D:2)
  3 giant cockroaches
  3 goblins
  A hobgoblin (D:2)
  13 ball pythons
  A bat (D:2)
  A frilled lizard (Sewer)
  2 kobolds (D:3)
  24 rats
61 creatures vanquished.

Notes
Turn   | Place    | Note
-------+----------+-------------------------------------------
     0 | D:1      | tidbits the Gnoll Wanderer began the quest for the Orb.
     0 | D:1      | tidbits set off with: a curare-tipped needle, a +2 blowgun, the Reference Book on Illusion, a potion of curing, a +0 robe, a +0 dagger, a ration
     0 | D:1      | Reached XP level 1. HP: 23/23 MP: 6/6
     0 | D:1      | Identified the Reference Book on Illusion
     2 | D:1      | Learned a level 1 spell: Summon Small Mammal
    39 | D:1      | Reached skill level 2 in Hexes
    79 | D:2      | Reached XP level 2. HP: 24/29 MP: 7/7
   131 | D:2      | Found an opulent altar of Gozag.
   157 | D:2      | Noticed Terence
   246 | D:3      | Gained mutation: Your magical capacity is low. (-10% MP) [potion of mutation]
   246 | D:3      | Gained mutation: You can translocate small distances at will. [potion of mutation]
   384 | D:4      | Reached skill level 5 in Spellcasting
   384 | D:4      | Reached skill level 1 in Invocations
   384 | D:4      | Reached XP level 3. HP: 18/35 MP: 8/8
   399 | D:4      | Noticed Menkaure
   414 | D:4      | Killed Menkaure
   414 | D:4      | Reached skill level 1 in Short Blades
   414 | D:4      | Reached skill level 1 in Long Blades
   414 | D:4      | Reached skill level 1 in Axes
   414 | D:4      | Reached skill level 1 in Maces & Flails
   414 | D:4      | Reached skill level 1 in Polearms
   414 | D:4      | Reached skill level 1 in Staves
   414 | D:4      | Reached skill level 1 in Slings
   414 | D:4      | Reached skill level 1 in Bows
   414 | D:4      | Reached skill level 1 in Crossbows
   414 | D:4      | Reached skill level 3 in Throwing
   414 | D:4      | Reached skill level 1 in Armour
   414 | D:4      | Reached skill level 1 in Dodging
   414 | D:4      | Reached skill level 1 in Shields
   414 | D:4      | Reached skill level 3 in Unarmed Combat
   414 | D:4      | Reached skill level 1 in Conjurations
   414 | D:4      | Reached skill level 1 in Charms
   414 | D:4      | Reached skill level 1 in Summonings
   414 | D:4      | Reached skill level 1 in Necromancy
   414 | D:4      | Reached skill level 1 in Translocations
   414 | D:4      | Reached skill level 1 in Transmutations
   414 | D:4      | Reached skill level 1 in Fire Magic
   414 | D:4      | Reached skill level 1 in Ice Magic
   414 | D:4      | Reached skill level 1 in Air Magic
   414 | D:4      | Reached skill level 1 in Earth Magic
   414 | D:4      | Reached skill level 1 in Poison Magic
   414 | D:4      | Reached skill level 1 in Evocations
   414 | D:4      | Reached XP level 4. HP: 13/41 MP: 10/10
   414 | D:4      | Reached XP level 5. HP: 15/47 MP: 11/11
   473 | D:4      | Found a glowing drain.
   506 | D:4      | HP: 4/47 [river rat (4)]
   517 | Sewer    | Entered a sewer
   741 | Sewer    | Reached XP level 6. HP: 21/53 MP: 12/12
   761 | Sewer    | Reached skill level 2 in Invocations
   873 | Sewer    | Quit the game

Skill      XL: |  1  2  3  4  5  6 |
---------------+-------------------+-----
Hexes          | 2 |  2.5
Spellcasting   | 5 |  5.3
Invocations    | 1 2 |  2.0
Short Blades   | 1 |  1.8
Long Blades    | 1 |  1.8
Axes           | 1 |  1.8
Maces & Flails | 1 |  1.8
Polearms       | 1 |  1.8
Staves         | 1 |  1.8
Slings         | 1 |  1.8
Bows           | 1 |  1.8
Crossbows      | 1 |  1.8
Throwing       | 3 |  3.1
Armour         | 1 |  1.8
Dodging        | 1 |  1.8
Shields        | 1 |  1.8
Unarmed Combat | 3 |  3.1
Conjurations   | 1 |  1.4
Charms         | 1 |  1.4
Summonings     | 1 |  1.4
Necromancy     | 1 |  1.4
Translocations | 1 |  1.4
Transmutations | 1 |  1.4
Fire Magic     | 1 |  1.4
Ice Magic      | 1 |  1.4
Air Magic      | 1 |  1.4
Earth Magic    | 1 |  1.4
Poison Magic   | 1 |  1.4
Evocations     | 1 |  1.8
Fighting       | |  6.8
Stealth        | |  4.5

Action                   |  1- 3 |  4- 6 || total
-------------------------+-------+-------++-------
Melee: Dagger            |    42 |     3 ||    45
       Bite              |     7 |     9 ||    16
       Unarmed           |    12 |    90 ||   102
       Punch             |       |     1 ||     1
 Fire: Blowgun           |     9 |    54 ||    63
Evoke: Wand              |       |     3 ||     3
  Use: Scroll            |     2 |       ||     2
       Potion            |     2 |     3 ||     5
 Stab: Sleeping          |     3 |       ||     3
Armor: Robe              |     4 |       ||     4
       Scale mail        |       |    40 ||    40
Dodge: Dodged            |    25 |    44 ||    69

Table legend:
 A = Turns spent in this place as a percentage of turns spent in the entire game.
 B = Non-inter-level travel turns spent in this place as a percentage of non-inter-level travel turns spent in the entire game.
 C = Inter-level travel turns spent in this place as a percentage of turns spent in this place.
 D = Turns resting spent in this place as a percentage of non-inter-level travel turns spent in this place.
 E = Turns spent auto-exploring this place as a percentage of non-inter-level travel turns spent in this place.
 F = Non-inter-level travel turns spent in this place divided by the number of levels of this place that you've seen.
                   A       B       C       D       E      F
               +-------+-------+-------+-------+-------+----------------------
         Total | 100.0 | 100.0 |   0.0 |   0.0 |   0.0 | 174.6
       Dungeon |  59.2 |  59.2 |   0.0 |   0.0 |   0.0 | 129.2
         Sewer |  40.8 |  40.8 |   0.0 |   0.0 |   0.0 | 356.0
               +-------+-------+-------+-------+-------+----------------------

Table legend:
 A = Kills in this place as a percentage of kills in entire the game.
 B = Kills by you in this place as a percentage of kills by you in the entire game.
 C = Kills by friends in this place as a percentage of kills by friends in the entire game.
 D = Other kills in this place as a percentage of other kills in the entire game.
 E = Experience gained in this place as a percentage of experience gained in the entire game.
 F = Experience gained in this place divided by the number of levels of this place that you have seen.
                   A       B       C       D       E      F
               +-------+-------+-------+-------+-------+----------------------
         Total | 100.0 | 100.0 |   N/A |   N/A | 100.0 |  77.6
       Dungeon |  34.4 |  34.4 |   N/A |   N/A |  66.5 |  64.5
         Sewer |  65.6 |  65.6 |   N/A |   N/A |  33.5 | 130.0
               +-------+-------+-------+-------+-------+----------------------

Vault maps used:
D:1:      eino_arrival_cavern_c
D:2:      nicolae_gozag_cash_rules_everything_around_me, uniq_terence
D:3:      tso_altar
D:4:      portal_sewer_entry_c, uniq_ijyb, uniq_menkaure,
          uniq_crazy_yiuf_cottage
Sewer:    sewer_minmay_w
